BSA
KALAMAZOO ROYALE WITH CHEESE @ TORONTO TITANS
09/19/2024
 
TOP OF THE 1ST
Kalamazoo Royale with Cheese batting - Pitching for Toronto Titans : LHP Carlos Tavárez
Pitching: LHP Carlos Tavárez
Batting: RHB Fernando Martínez 0-0: Foul Ball, location: 2F
0-1: Ball
1-1: Foul Ball, location: 2F
1-2: Ball
2-2: Ball
3-2: Ground out 5-3 (Groundball, 5S)
Batting: LHB Jack Hewat 0-0: Swinging Strike
0-1: Foul Ball, location: 2F
0-2: Foul Ball, location: 2F
0-2: Strikes out looking
Batting: RHB Miguel Encarnación 0-0: Foul Ball, location: 2F
0-1: Ball
1-1: Foul Ball, location: 2F
1-2: Strikes out swinging
Top of the 1st over - 0 run(s), 0 hit(s), 0 error(s), 0 left on base; Kalamazoo 0 - Toronto 0
BOTTOM OF THE 1ST
Toronto Titans batting - Pitching for Kalamazoo Royale with Cheese : LHP Octávio Ramírez
Pitching: LHP Octávio Ramírez
Batting: SHB Ryobe Yamamoto 0-0: Ball
1-0: Bunted foul
1-1: Ball
2-1: Foul Ball, location: 2F
2-2: SINGLE (Flyball, 4MD)
Batting: RHB Gilberto López 0-0: Ball
1-0: Fly out, F8 (Flyball, 8LM)
Batting: LHB Jorge Martínez 0-0: Foul Ball, location: 2F
0-1: Foul Ball, location: 2F
0-2: Ball
1-2: Ball
2-2: Foul Ball, location: 2F
2-2: 2-RUN HOME RUN (Line Drive, 9D), Distance : 434 ft
Batting: RHB David Murray 0-0: Ball
1-0: Ball
2-0: Called Strike
2-1: Ball
3-1: Base on Balls
Batting: RHB Matt Doyle 0-0: Ball
1-0: Called Strike
1-1: Ball
2-1: Ball
3-1: Fly out, F9 (Flyball, 9D)
Batting: LHB Kent MacDulothe 0-0: Called Strike
0-1: Ball
1-1: Ball
2-1: Foul Ball, location: 2F
2-2: 2-RUN HOME RUN (Flyball, 9D), Distance : 359 ft
Batting: RHB Manuel González 0-0: Ball
1-0: Ball
2-0: Foul Ball, location: 2F
2-1: Swinging Strike
2-2: Foul Ball, location: 2F
2-2: Ball
3-2: Foul Ball, location: 2F
Reached via error on a dropped throw, E3
Batting: LHB José Rodríguez 0-0: Foul Ball, location: 2F
0-1: Ball
1-1: Swinging Strike
1-2: Foul Ball, location: 2F
1-2: Fielders Choice at 2nd, U4 (Groundball, 4M)
Bottom of the 1st over - 4 run(s), 3 hit(s), 1 error(s), 1 left on base; Kalamazoo 0 - Toronto 4
TOP OF THE 2ND
Kalamazoo Royale with Cheese batting - Pitching for Toronto Titans : LHP Carlos Tavárez
Batting: LHB Francisco Torres 0-0: Ball
1-0: Ball
2-0: Ground out 4-3 (Groundball, 4)
Batting: RHB Juan Mendoza 0-0: Foul Ball, location: 2F
0-1: Ball
1-1: Ground out 6-3 (Groundball, 6)
Batting: LHB Jacob Wright 0-0: Ball
1-0: Ball
2-0: Ball
3-0: Called Strike
3-1: Base on Balls
Batting: LHB Juan Sánchez 0-0: Swinging Strike
0-1: Ground out U3 (Groundball, 3)
Top of the 2nd over - 0 run(s), 0 hit(s), 0 error(s), 1 left on base; Kalamazoo 0 - Toronto 4
BOTTOM OF THE 2ND
Toronto Titans batting - Pitching for Kalamazoo Royale with Cheese : LHP Octávio Ramírez
Batting: LHB Anacleto Morillo 0-0: Ball
1-0: Ball
2-0: Called Strike
2-1: Ball
3-1: SOLO HOME RUN (Line Drive, 9D), Distance : 360 ft
Batting: SHB Ryobe Yamamoto 0-0: Called Strike
0-1: Swinging Strike
0-2: Ball
1-2: Strikes out swinging
Batting: RHB Gilberto López 0-0: Ball
1-0: Foul Ball, location: 2F
1-1: Called Strike
1-2: Ball
2-2: Fly out, F8 (Flyball, 8RD)
Batting: LHB Jorge Martínez 0-0: Called Strike
0-1: Foul Ball, location: 2F
0-2: Strikes out swinging
Bottom of the 2nd over - 1 run(s), 1 hit(s), 0 error(s), 0 left on base; Kalamazoo 0 - Toronto 5
TOP OF THE 3RD
Kalamazoo Royale with Cheese batting - Pitching for Toronto Titans : LHP Carlos Tavárez
Batting: RHB Eugenio Lucero 0-0: Ball
1-0: Swinging Strike
1-1: Ball
2-1: Ball
3-1: Ground out 6-3 (Groundball, 6M)
Batting: RHB Matt Perkins 0-0: Ball
1-0: Ball
2-0: Called Strike
2-1: Foul Ball, location: 2F
2-2: Ball
3-2: Ground out 6-3 (Groundball, 6)
Batting: RHB Fernando Martínez 0-0: Ball
1-0: Ball
2-0: Called Strike
2-1: Foul Ball, location: 2F
2-2: SINGLE (Line Drive, 56D)
Batting: LHB Jack Hewat 0-0: Ball
Fernando Martínez steals 2nd base
1-0: Ball
2-0: Called Strike
2-1: Swinging Strike
2-2: Foul Ball, location: 2F
2-2: Strikes out swinging
Top of the 3rd over - 0 run(s), 1 hit(s), 0 error(s), 1 left on base; Kalamazoo 0 - Toronto 5
BOTTOM OF THE 3RD
Toronto Titans batting - Pitching for Kalamazoo Royale with Cheese : LHP Octávio Ramírez
Batting: RHB David Murray 0-0: Foul Ball, location: 2F
0-1: Ball
1-1: Swinging Strike
1-2: Ball
2-2: Ball
3-2: SINGLE (Groundball, 15) (infield hit)
Batting: RHB Matt Doyle 0-0: Ball
1-0: Grounds into double play, 5-4-3 (Groundball, 5)
Batting: LHB Kent MacDulothe 0-0: Foul Ball, location: 2F
0-1: Foul Ball, location: 2F
0-2: Ball
1-2: Ball
2-2: Strikes out looking
Bottom of the 3rd over - 0 run(s), 1 hit(s), 0 error(s), 0 left on base; Kalamazoo 0 - Toronto 5
TOP OF THE 4TH
Kalamazoo Royale with Cheese batting - Pitching for Toronto Titans : LHP Carlos Tavárez
Batting: RHB Miguel Encarnación 0-0: Ball
1-0: Ball
2-0: Ball
3-0: Called Strike
3-1: Foul Ball, location: 2F
3-2: Foul Ball, location: 2F
3-2: Base on Balls
Batting: LHB Francisco Torres 0-0: 2-RUN HOME RUN (Flyball, 9D), Distance : 367 ft
Batting: RHB Juan Mendoza 0-0: Called Strike
0-1: Ball
1-1: Called Strike
1-2: Strikes out swinging
Batting: LHB Jacob Wright 0-0: Ball
1-0: Fly out, F5 (Popup, 5L)
Batting: LHB Juan Sánchez 0-0: Ground out 4-3 (Groundball, 4)
Top of the 4th over - 2 run(s), 1 hit(s), 0 error(s), 0 left on base; Kalamazoo 2 - Toronto 5
BOTTOM OF THE 4TH
Toronto Titans batting - Pitching for Kalamazoo Royale with Cheese : LHP Octávio Ramírez
Batting: RHB Manuel González 0-0: DOUBLE (Line Drive, 89D)
Batting: LHB José Rodríguez 0-0: Called Strike
0-1: Ball
1-1: Foul Ball, location: 2F
1-2: Strikes out swinging
Batting: LHB Anacleto Morillo 0-0: Called Strike
0-1: Called Strike
0-2: Ball
1-2: Strikes out swinging
Batting: SHB Ryobe Yamamoto 0-0: Ball
1-0: Ball
2-0: Ball
3-0: Called Strike
3-1: Called Strike
3-2: Fly out, F9 (Flyball, 9D)
Bottom of the 4th over - 0 run(s), 1 hit(s), 0 error(s), 1 left on base; Kalamazoo 2 - Toronto 5
TOP OF THE 5TH
Kalamazoo Royale with Cheese batting - Pitching for Toronto Titans : LHP Carlos Tavárez
Batting: RHB Eugenio Lucero 0-0: Ball
1-0: Ground out 1-3 (Groundball, 13S)
Batting: RHB Matt Perkins 0-0: Ball
1-0: Fly out, F9 (Flyball, 9D)
Batting: RHB Fernando Martínez 0-0: Ball
1-0: Foul Ball, location: 2F
1-1: Ball
2-1: Ground out 5-3 (Groundball, 5S)
Top of the 5th over - 0 run(s), 0 hit(s), 0 error(s), 0 left on base; Kalamazoo 2 - Toronto 5
BOTTOM OF THE 5TH
Toronto Titans batting - Pitching for Kalamazoo Royale with Cheese : LHP Octávio Ramírez
Batting: RHB Gilberto López 0-0: Called Strike
0-1: Ball
1-1: Ball
2-1: Fly out, F7 (Flyball, 78D)
Batting: LHB Jorge Martínez 0-0: Ball
1-0: Swinging Strike
1-1: Ball
2-1: Fly out, F7 (Flyball, 78M)
Batting: RHB David Murray 0-0: Called Strike
0-1: Ball
1-1: Ball
2-1: Ball
3-1: Ground out 5-3 (Groundball, 56)
Bottom of the 5th over - 0 run(s), 0 hit(s), 0 error(s), 0 left on base; Kalamazoo 2 - Toronto 5
TOP OF THE 6TH
Kalamazoo Royale with Cheese batting - Pitching for Toronto Titans : LHP Carlos Tavárez
Batting: LHB Jack Hewat 0-0: Called Strike
0-1: Ground out 1-3 (Groundball, 15)
Batting: RHB Miguel Encarnación 0-0: Ball
1-0: Ball
2-0: Swinging Strike
2-1: Foul Ball, location: 2F
2-2: Strikes out swinging
Batting: LHB Francisco Torres 0-0: Ground out 5-3 (Groundball, 56)
Top of the 6th over - 0 run(s), 0 hit(s), 0 error(s), 0 left on base; Kalamazoo 2 - Toronto 5
BOTTOM OF THE 6TH
Toronto Titans batting - Pitching for Kalamazoo Royale with Cheese : LHP Octávio Ramírez
Pitching: RHP Fergus Wakeford
Batting: RHB Matt Doyle 0-0: Ball
1-0: Foul Ball, location: 2F
1-1: Swinging Strike
1-2: Strikes out looking
Batting: LHB Kent MacDulothe 0-0: Called Strike
0-1: Ground out 6-3 (Groundball, 6M)
Batting: RHB Manuel González 0-0: Ball
1-0: Foul Ball, location: 2F
1-1: Foul Ball, location: 2F
1-2: Ball
2-2: Foul Ball, location: 2F
2-2: Ground out 5-3 (Groundball, 56)
Bottom of the 6th over - 0 run(s), 0 hit(s), 0 error(s), 0 left on base; Kalamazoo 2 - Toronto 5
TOP OF THE 7TH
Kalamazoo Royale with Cheese batting - Pitching for Toronto Titans : LHP Carlos Tavárez
Now at C: Michael Woodruff
Batting: RHB Juan Mendoza 0-0: Ball
1-0: Foul Ball, location: 2F
1-1: Foul Ball, location: 2F
1-2: SINGLE (Line Drive, 7LM)
Pitching: LHP Braydon Schute
Batting: LHB Jacob Wright 0-0: Called Strike
0-1: Ball
1-1: Ball
2-1: Foul Ball, location: 2F
2-2: Strikes out swinging
Batting: LHB Juan Sánchez 0-0: Called Strike
0-1: Foul Ball, location: 2F
0-2: Strikes out looking
Batting: RHB Eugenio Lucero 0-0: Called Strike
0-1: Foul Ball, location: 2F
0-2: Fly out, F8 (Flyball, 8LM)
Top of the 7th over - 0 run(s), 1 hit(s), 0 error(s), 1 left on base; Kalamazoo 2 - Toronto 5
BOTTOM OF THE 7TH
Toronto Titans batting - Pitching for Kalamazoo Royale with Cheese : RHP Fergus Wakeford
Batting: LHB José Rodríguez 0-0: Ball
1-0: Foul Ball, location: 2F
1-1: Called Strike
1-2: Ball
2-2: Ground out 4-3 (Groundball, 4M)
Batting: LHB Anacleto Morillo 0-0: Ball
1-0: Ball
2-0: Called Strike
2-1: Foul Ball, location: 2F
2-2: Ground out U3 (Groundball, 3)
Batting: SHB Ryobe Yamamoto 0-0: Ball
1-0: Called Strike
1-1: Ball
2-1: Called Strike
2-2: Foul Ball, location: 2F
2-2: Foul Ball, location: 2F
2-2: SINGLE (Groundball, 4M)
Batting: RHB Gilberto López 0-0: Ball
1-0: Swinging Strike
1-1: Ball
2-1: Ball
3-1: Called Strike
3-2: Foul Ball, location: 2F
3-2: Ground out 5-3 (Groundball, 5S)
Bottom of the 7th over - 0 run(s), 1 hit(s), 0 error(s), 1 left on base; Kalamazoo 2 - Toronto 5
TOP OF THE 8TH
Kalamazoo Royale with Cheese batting - Pitching for Toronto Titans : LHP Braydon Schute
Now at 2B: Francisco Marino
Now at 3B: Jim Tracy
Now at SS: Alberto Velásquez
Batting: RHB Matt Perkins 0-0: Ball
1-0: Ground out 6-3 (Groundball, 6M)
Batting: RHB Fernando Martínez 0-0: Called Strike
0-1: Ball
1-1: Foul Ball, location: 2F
1-2: Foul Ball, location: 2F
1-2: Strikes out swinging
Batting: LHB Jack Hewat 0-0: Called Strike
0-1: Foul Ball, location: 2F
0-2: Strikes out swinging
Top of the 8th over - 0 run(s), 0 hit(s), 0 error(s), 0 left on base; Kalamazoo 2 - Toronto 5
BOTTOM OF THE 8TH
Toronto Titans batting - Pitching for Kalamazoo Royale with Cheese : RHP Fergus Wakeford
Pitching: RHP Roberto Ledesma
Batting: RHB Alberto Velásquez 0-0: Called Strike
0-1: Ball
1-1: Ball
2-1: Ball
3-1: Ground out 4-3 (Groundball, 34)
Batting: RHB David Murray 0-0: Ball
1-0: Foul Ball, location: 2F
1-1: Foul Ball, location: 2F
1-2: Strikes out swinging
Batting: RHB Matt Doyle 0-0: Ball
1-0: Ball
2-0: Ball
3-0: Called Strike
3-1: Base on Balls
Batting: LHB Kent MacDulothe 0-0: Ball
1-0: Ball
2-0: Called Strike
2-1: SINGLE (Line Drive, 78S)
Matt Doyle to second
Batting: RHB Michael Woodruff 0-0: 3-RUN HOME RUN (Flyball, 89XD), Distance : 392 ft
Batting: LHB José Rodríguez 0-0: Ball
1-0: Ground out 4-3 (Groundball, 4)
Bottom of the 8th over - 3 run(s), 2 hit(s), 0 error(s), 0 left on base; Kalamazoo 2 - Toronto 8
TOP OF THE 9TH
Kalamazoo Royale with Cheese batting - Pitching for Toronto Titans : LHP Braydon Schute
Pitching: RHP David Lester
Batting: RHB Miguel Encarnación 0-0: Ball
1-0: Swinging Strike
1-1: Ball
2-1: Ball
3-1: Called Strike
3-2: Strikes out looking
Batting: LHB Francisco Torres 0-0: Ball
1-0: Ball
2-0: Foul Ball, location: 2F
2-1: DOUBLE (Line Drive, 3D)
Batting: RHB Juan Mendoza 0-0: Swinging Strike
0-1: Ball
1-1: Called Strike
1-2: SINGLE (Line Drive, 89S)
Francisco Torres to third
Batting: LHB Jacob Wright 0-0: Called Strike
0-1: Swinging Strike
0-2: Ball
1-2: Foul Ball, location: 2F
1-2: Grounds into double play, 4-6-3 (Groundball, 4)
Top of the 9th over - 0 run(s), 2 hit(s), 0 error(s), 1 left on base; Kalamazoo 2 - Toronto 8
This league is powered by Out of the Park Baseball, the baseball management simulation game for PC, Mac and Linux
Saturday, April 9th, 2016 - OOTP Baseball 16.8 Build 38